 Dungeon Crawl Stone Soup version 0.25-a0-404-gc1b5a34292 (console) character file.

Game seed: 10518844726827808301, levelgen mode: deterministic

53 Kagalorn the Sneak (level 4, -3/33 HPs)
             Began as a Human Assassin on Jan 10, 2020.
             Slain by an orc
             ... wielding a +0 trident
              (4 damage)
             ... on level 2 of the Dungeon.
             The game lasted 00:03:23 (939 turns).

Kagalorn the Sneak (Human Assassin)                  Turns: 939, Time: 00:03:24

Health: -3/33      AC:  3    Str: 11      XL:     4   Next: 11%
Magic:  4/4        EV: 12    Int: 11 (12) God:
Gold:   111        SH:  0    Dex: 15      Spells: 3/3 levels left

rFire    . . .     SeeInvis .   a - +2 dagger
rCold    . . .     Gourm    .   (no shield)
rNeg     . . .     Faith    .   b - +0 robe
rPois    .         Spirit   .   (no helmet)
rElec    .         Reflect  .   c - +0 cloak
rCorr    .         Harm     .   (no gloves)
MR       .....                  (no boots)
Stlth    +.........             (no amulet)
HPRegen  0.11/turn              (no ring)
MPRegen  0.09/turn              (no ring)

@: contaminated, glowing
A: deterioration 2
a: no special abilities


You were on level 2 of the Dungeon.
You were not hungry.

You visited 1 branch of the dungeon, and saw 2 of its levels.

You collected 111 gold pieces.

Inventory:

Hand Weapons
 a - a +2 dagger (weapon)
Missiles
 d - 7 poisoned darts (quivered)
 e - 2 curare-tipped darts
 h - 93 stones
Armour
 b - a +0 robe (worn)
 c - a +0 cloak (worn)
Scrolls
 g - 3 scrolls of identify {unknown}
 i - a scroll of remove curse
 k - a scroll of teleportation {unknown}
 l - a scroll of fear {unknown}
Potions
 m - a potion of degeneration {unknown}
 n - a potion of flight {unknown}
Comestibles
 f - 4 rations
 o - 3 chunks of flesh


   Skills:
 + Level 2.1 Fighting
 * Level 2.5 Short Blades
 - Level 2.0 Throwing
 - Level 1.0 Dodging
 * Level 5.2 Stealth


You had 3 spell levels left.
You didn't know any spells.
Your spell library was empty.

Dungeon Overview and Level Annotations

Branches:
Dungeon (2/15)

Altars:


Innate Abilities, Weirdness & Mutations

Your body often deteriorates upon taking damage.


Message History

Your body deteriorates!
You feel dopey.
You hit the orc.
You kill the orc!
You barely miss the orc. The orc hits you with a +0 club.
* * * LOW HITPOINT WARNING * * *
You barely miss the orc. The orc hits you with a +0 club.
* * * LOW HITPOINT WARNING * * *
You hit the orc.
The orc is moderately wounded.
The orc misses you.
You hit the orc.
The orc is almost dead.
The orc hits you but does no damage.
The orc hits you from afar with a +0 trident.
* * * LOW HITPOINT WARNING * * *
You closely miss the orc.
The orc is severely wounded.
The orc hits you but does no damage.
The orc hits you from afar with a +0 trident.
You die... #.##...#.###. #.# #.#........... #.#####....##.####.# #................. #.#.####..#######. #.#.# #.## oo#

#.#.# #.# ...#
########.#.####.#
oo..#
#.....÷....@ooo.#
#..#
#.######.#.###o.# .
#..# #.#.# #..# ..
#..# #.#.# #o.# ...
#..# #.#.#
#..#...... #..#
#.#)#
#..#.......#..#
######.#.###..o
........†#
#............####...
#.# #......#+###.#
#...# #.#


You could see 4 orcs.

Vanquished Creatures
  A centaur skeleton (D:2)
  2 worms (D:2)
  An orc (D:2)
  5 bats
  A giant cockroach (D:1)
  3 goblins (D:1)
  A hobgoblin (D:1)
  A frilled lizard (D:1)
  2 kobolds (D:1)
  5 rats
22 creatures vanquished.

Notes
Turn   | Place    | Note
-------+----------+-------------------------------------------
     0 | D:1      | Kagalorn the Human Assassin began the quest for the Orb.
     0 | D:1      | Reached XP level 1. HP: 16/16 MP: 1/1
   257 | D:1      | Reached XP level 2. HP: 22/22 MP: 2/2
   761 | D:2      | Reached XP level 3. HP: 27/27 MP: 3/3
   876 | D:2      | Reached skill level 5 in Stealth
   876 | D:2      | Reached XP level 4. HP: 19/33 MP: 4/4
   896 | D:2      | Gained mutation: Your body sometimes deteriorates upon
                  | taking damage. [mutagenic glow]
   925 | D:2      | Gained mutation: Your body often deteriorates upon taking
                  | damage. [mutagenic glow]
   938 | D:2      | HP: 1/33 [orc/+0 trident (3)]
   939 | D:2      | Slain by an orc

Levels and vault maps discovered:
D:1:      shiori_arrival_oz, layout_basic, minmay_heptomino_o4
D:2:      cheibrodos_pilgrimage, layout_basic

Skill      XL: |  1  2  3 |
---------------+----------+-----
Stealth        | 5 |  5.2
Fighting       | |  2.1
Short Blades   | |  2.5
Throwing       | |  2.0
Dodging        | |  1.0

Action                   |  1- 3 |  4- 6 || total
-------------------------+-------+-------++-------
Melee: Dagger            |    67 |     9 ||    76
Throw: Dart              |     9 |       ||     9
  Use: Scroll            |     1 |       ||     1
 Stab: Sleeping          |     5 |       ||     5
Armor: Robe              |    17 |     3 ||    20
Dodge: Dodged            |    39 |     3 ||    42

Table legend:
 A = Non-vault XP
 B = Vault XP
 C = Vault XP percentage of total XP
 D = Non-vault monster count
 E = Vault monster count
 F = Vault count percentage of total count
                 A         B        C        D         E       F
            +---------+---------+-------+---------+---------+-------
      Total |      69 |       8 |  10.4 |      18 |       4 |  18.2
            +---------+---------+-------+---------+---------+-------
        D:1 |      16 |       5 |  23.8 |      12 |       3 |  20.0
        D:2 |      53 |       3 |   5.4 |       6 |       1 |  14.3
            +---------+---------+-------+---------+---------+-------
